 Dungeon Crawl Stone Soup version 0.28.0-45-g0d030f2227 (webtiles) character file.

Game seed: 8594241379077927330

98308 DuloT34 the Unseen (level 15, -22/95 HPs)
             Began as a Vampire Enchanter on May 23, 2022.
             Was the Champion of Dithmenos.
             Annihilated by a naga warrior
             ... wielding a +0 short sword
              (28 damage)
             ... on level 3 of the Snake Pit.
             The game lasted 01:44:58 (33371 turns).

DuloT34 the Unseen (Vampire Enchanter)             Turns: 33371, Time: 01:44:59

Health: -22/95     AC:  9    Str:  7    XL:     15   Next: 74%
Magic:  30/30      EV: 23    Int: 30    God:    Dithmenos [******]
Gold:   1781       SH:  0    Dex: 20    Spells: 9/36 levels left

rFire   + . .      SeeInvis +   t - +3 short sword (venom)
rCold   + . .      Faith    +   k - orb {guile}
rNeg    + + +      Spirit   .   G - +2 robe {rF+}
rPois   ∞          Reflect  .   V - +1 hat
rElec   .          Harm     .   S - +0 cloak {rCorr}
rCorr   +          Rampage  .   r - +1 pair of gloves
Will    .....                   U - +0 pair of boots Stlth ********++
                                m - amulet "Qesuegg" {Faith rC- Regen+ Int+4}
HPRegen 0.00/turn               d - +6 ring of intelligence
MPRegen 0.22/turn               v - +4 ring of evasion

@: bloodless, inhibited regen, slowed, wreathed by umbra, constricted, very slow
A: bloodless, fangs 3, see invisible, vampiric 2
a: Bat Form, Revivify, Renounce Religion, Shadow Step, Shadow Form


You were on level 3 of the Snake Pit.
You worshipped Dithmenos.
Dithmenos was exalted by your worship.
You visited 5 branches of the dungeon, and saw 24 of its levels.
You also visited: Volcano.

You collected 2274 gold pieces.
You spent 493 gold pieces at shops.

Inventory:

Hand Weapons
 a - a +1 dagger
 t - a +3 short sword of venom (weapon)
Missiles
 p - 5 throwing nets (quivered)
Armour
 k - an orb of guile (worn)
 r - a +1 pair of gloves (worn)
 z - a +1 leather armour of willpower
 G - a +2 robe of fire resistance (worn)
 J - a +0 robe of cold resistance
 S - a +0 cloak of preservation (worn)
 T - a +1 robe of the Archmagi
 U - a +0 pair of boots (worn)
 V - a +1 hat (worn)
Jewellery
 d - a +6 ring of intelligence (left hand)
 h - an amulet of magic regeneration
 m - the amulet "Qesuegg" (around neck) {Faith rC- Regen+ Int+4}
   (You found it on level 5 of the Dungeon)

   [amulet of faith]

   It allows you to gain divine favour quickly.
   Int:       It affects your intelligence (+4).
   rC:        It makes you vulnerable to cold.
   Regen:     It increases your rate of health regeneration.
 v - a +4 ring of evasion (right hand)
 B - a ring of poison resistance
 H - a +6 ring of strength
Wands
 q - a wand of acid (9)
 s - a wand of digging (5)
 w - a wand of flame (26)
 y - a wand of charming (8)
 C - a wand of polymorph (8)
 D - a wand of paralysis (14)
Scrolls
 o - 3 scrolls of magic mapping
 u - 5 scrolls of teleportation
 x - 2 scrolls of torment
 K - a scroll of silence
 M - a scroll of blinking {unknown}
 O - 5 scrolls of enchant weapon
 P - 2 scrolls of identify
 Q - 2 scrolls of brand weapon
Potions
 b - 4 potions of might
 c - 2 potions of invisibility
 e - 7 potions of cancellation
 f - 4 potions of attraction
 g - 2 potions of lignification
 i - 2 potions of berserk rage
 j - 3 potions of mutation
 l - 2 potions of flight
 n - 4 potions of curing
 A - 2 potions of resistance {unknown}
 E - 2 potions of haste
 I - 2 potions of magic
 L - 2 potions of ambrosia
 N - 7 potions of heal wounds
Miscellaneous
 F - a phantom mirror
 R - a phial of floods


   Skills:
 + Level 11.3 Fighting
 + Level 14.2 Short Blades
 + Level 13.6 Dodging
 - Level 20.0 Stealth
 + Level 11.3 Spellcasting
 - Level 10.0 Hexes
 - Level 5.0 Necromancy


You had 9 spell levels left.
You knew the following spells:

 Your Spells              Type           Power      Damage    Failure   Level
a - Ensorcelled Hibernat  Hex/Ice        94%        N/A       1%          2
b - Confusing Touch       Hex            67%        N/A       1%          3
c - Dazzling Flash        Conj/Hex       94%        N/A       1%          3
d - Swiftness             Air            16%        N/A       10%         3
e - Tukima's Dance        Hex            67%        N/A       1%          3
f - Gell's Gravitas       Tloc           16%        N/A       10%         3
g - Excruciating Wounds   Necr           23%        N/A       11%         5
h - Summon Mana Viper     Hex/Summ       47%        N/A       11%         5

Your spell library contained the following spells:

 Spells                   Type           Power      Damage    Failure   Level
 Sublimation of Blood     Necr           46%        N/A       1%          2
 Inner Flame              Hex/Fire       47%        N/A       1%          3
 Portal Projectile        Hex/Tloc       94%        N/A       1%          3
 Foxfire                  Conj/Fire      64%        2x1d7     3%          1
 Freeze                   Ice            64%        1d8       3%          1
 Shock                    Conj/Air       64%        1d7       3%          1
 Scorch                   Fire           32%        2d7       4%          2
 Wereblood                Tmut           16%        N/A       4%          2
 Conjure Flame            Conj/Fire      16%        6-21      10%         3
 Frozen Ramparts          Ice            32%        1d5       10%         3
 Ignite Poison            Fire/Tmut/Pois 16%        N/A       10%         3
 Lesser Beckoning         Tloc           16%        N/A       10%         3
 Stone Arrow              Conj/Erth      32%        3d9       10%         3
 Teleport Other           Tloc           16%        N/A       10%         3
 Airstrike                Air            8%         N/A       30%         4
 Animate Armour           Summ/Erth      32%        N/A       30%         4
 Flame Wave               Conj/Fire      16%        2d6       30%         4
 Hailstorm                Conj/Ice       16%        3d6       30%         4
 Sticky Flame             Conj/Fire      16%        2d4       30%         4
 Summon Ice Beast         Ice/Summ       16%        N/A       30%         4
 Blade Hands              Tmut           8%         N/A       65%         5
 Summon Cactus Giant      Summ           8%         N/A       99%         6
 Monstrous Menagerie      Summ           8%         N/A       100%        7
 Summon Hydra             Summ           8%         N/A       100%        7
 Lehudib's Crystal Spear  Conj/Erth      8%         10d3      100%        8


Dungeon Overview and Level Annotations

Branches:
Dungeon (12/15)            Temple (1/1) D:4            Lair (6/6) D:11
 Shoals (0/4) Lair:3        Snake (3/4) Lair:2        Slime (0/5) Lair:6
    Orc (2/2) D:9             Elf (0/3) Orc:2       Volcano (visited)

Altars:
Ashenzari
Cheibriados
Dithmenos
Elyvilon
Fedhas
Gozag
Hepliaklqana
Kikubaaqudgha
Makhleb
Nemelex Xobeh
Okawaru
Qazlal
Ru
Sif Muna
Trog
Uskayaw
Vehumet
Wu Jian
Xom
Yredelemnul
Zin
The Shining One
Beogh
Lugonu

Shops:
D:2 *   Orc:2 (![((   Snake:2 !=   Snake:3 (

Annotations:
D:10 exclusion: ice statue


Innate Abilities, Weirdness & Mutations

You do not regenerate when monsters are visible.
You are frail without blood (-20% HP).
You can heal yourself when you bite living creatures.
You are immune to poison.
You have razor-sharp teeth.
You have supernaturally acute eyesight. (SInv)
You are afflicted with vampirism and can become a bat while bloodless.


Message History

The naga warrior roars a battlecry!
The naga warrior goes into a battle-frenzy!
There is an entrance to Igaufihi's Antique Weapon Boutique here.
The guardian serpent casts a spell at you.
You feel yourself slow down.
There is a stone staircase leading up here.
The guardian serpent coils itself and waves its upper body at you.
You feel as though you will be slow longer.
The guardian serpent casts a spell at you.
The black mamba blinks!
The naga warrior blinks! x2; The shock serpent blinks!
The guardian serpent misses you. The black mamba misses you.
The shock serpent closely misses you. The guardian serpent misses you.
The naga warrior hits you with a +0 dire flail!!
You emit a cloud of dark smoke.
The naga warrior grabs you.
You stop ascending the stairs.
The naga warrior constricts you. The black mamba closely misses you.
The naga warrior hits you with a +0 short sword!
You emit a cloud of dark smoke.
The shock serpent barely misses you. The black mamba completely misses you.
The naga warrior closely misses you. The naga warrior constricts you.
You emit a cloud of dark smoke.
The guardian serpent completely misses you.
You escape the naga warrior's grasp.
The black mamba closely misses you.
The shock serpent shoots out a bolt of lightning at you!
The bolt of electricity hits you!
You emit a cloud of dark smoke.
The bolt of electricity misses you.
The bolt of electricity hits the shock serpent.
The shock serpent completely resists.
The guardian serpent casts a spell at you.
The bolt of poison hits you but does no damage.
You resist.
The bolt of poison hits the black mamba.
The naga warrior completely misses you. The naga warrior grabs you.
You stop ascending the stairs.
The naga warrior constricts you.
* * * LOW HITPOINT WARNING * * *
The black mamba completely misses you. The shock serpent misses you.
The guardian serpent hits you!!
* * * LOW HITPOINT WARNING * * *
The naga warrior hits you with a +0 short sword!!
You die...

##......###
..##.........#
.............#
...#.........#
#..........#
#......8§§#
#....§S§## .#
#...8S@§8##...
##...NSN§.....
###8.∩.8.....
#.#.........
#.....8.>.8.....
......#.........
#......#8.......
#...............
#.......##......


You could see 2 naga warriors, a shock serpent, a guardian serpent and a black
mamba.

Vanquished Creatures
  Aizul (Snake:1)
  2 orc warlords (Orc:1)
  Nessos (Lair:5)
  The ghost of Ipreaze the Thaumaturge, a journeyman DsAK of Lugonu (Lair:2)
  Harold (D:7)
  A fire dragon (D:9)
  3 hydras
  A boulder beetle (D:11)
  3 naga warriors
  A salamander tyrant (Snake:1)
  A catoblepas (Lair:4)
  A centaur warrior (D:10)
  4 anacondas
  2 two-headed ogres
  2 shock serpents (Snake:1)
  8 naga sharpshooters
  5 death yaks (Lair:4)
  Nergalle (D:10)
  5 orc high priests
  A fire crab (Lair:4)
  A salamander mystic (Snake:1)
  2 naga ritualists (Snake:2)
  A goliath frog (Lair:6)
  A lindwurm (Lair:5)
  5 wizards (Volcano)
  7 orc knights
  4 mana vipers (Snake:1)
  An ugly thing (D:10)
  5 orc sorcerers (Orc:1)
  A wolf spider (D:10)
  5 salamanders
  14 black mambas
  2 cyclopes
  4 toenail golems (Volcano)
  17 elephants
  Joseph (D:10)
  2 guardian serpents
  3 naga magi (Snake:1)
  19 cane toads
  15 komodo dragons
  5 rime drakes
  A kobold demonologist (D:11)
  A queen bee (D:8)
  4 trolls
  3 tyrant leeches (Lair:6)
  2 polar bears
  A snapping turtle (Lair:3)
  A dancing weapon (D:10)
  A meliai zombie (D:10)
  25 blink frogs
  37 yaks
  A vampire (D:9)
  4 basilisks
  Eustachio (D:4)
  A wyvern (D:10)
  Grum (Lair:1)
  3 steam dragons
  5 vampire mosquitoes (Lair:6)
  9 wargs
  12 nagas
  13 water moccasins
  2 acid dragons
  39 orc warriors
  An ice beast (D:6)
  5 necrophages
  11 ogres
  A phantom (D:6)
  2 centaurs
  2 wolves (Lair:1)
  4 kobold brigands
  6 scorpions
  17 bullfrogs
  2 gnoll sergeants (D:10)
  18 killer bees
  9 wights
  2 vampire bats (D:8)
  A howler monkey (D:8)
  12 electric eels
  A bullfrog zombie (D:6)
  8 centaur zombies
  3 hounds
  A centaur skeleton (D:6)
  3 gnoll shamans
  18 jellies
  A bullfrog skeleton (D:5)
  42 orc priests
  A human zombie (D:9)
  3 iguanas
  15 orc wizards
  7 hell rats (Lair:4)
  2 killer bee zombies
  A hound skeleton (D:4)
  3 howler monkey zombies
  A howler monkey skeleton (D:5)
  4 adders
  11 gnolls
  A shadow imp (D:6)
  A white imp (D:6)
  2 ufetubi
  A worm (D:3)
  4 dart slugs
  79 orcs
  2 endoplasms
  3 giant cockroaches
  6 goblins
  5 hobgoblins
  4 jackals (D:3)
  4 quokkas
  7 ball pythons
  12 bats
  7 frilled lizards
  25 kobolds
  5 rats
713 creatures vanquished.

Vanquished Creatures (collateral kills)
  An orc knight (Orc:2)
  A warg (Orc:1)
  7 orc warriors
  An orc priest (Orc:1)
  9 orcs
19 creatures vanquished.

Vanquished Creatures (others)
  9 dancing weapons
  A bullfrog (Lair:4)
  27 fungi
  99 plants
136 creatures vanquished.

Grand Total: 868 creatures vanquished

Notes
Turn   | Place    | Note
-------+----------+-------------------------------------------
     0 | D:1      | DuloT34 the Vampire Enchanter began the quest for the Orb.
     0 | D:1      | Reached XP level 1. HP: 13/13 MP: 3/3
    97 | D:1      | Found a faded altar of an unknown god.
   785 | D:1      | Reached XP level 2. HP: 15/15 MP: 5/5
   788 | D:1      | Learned a level 2 spell: Ensorcelled Hibernation
  1755 | D:2      | Reached skill level 5 in Stealth
  1757 | D:2      | Found Raosch's General Store.
  2074 | D:2      | Reached skill level 5 in Hexes
  2271 | D:2      | Gained mutation: You are afflicted with vampirism and can
                  | become a bat while bloodless. [Vampire growth]
  2271 | D:2      | Reached XP level 3. HP: 17/19 MP: 6/6
  3420 | D:3      | You fall into a shaft and drop 1 floor!
  3425 | D:4      | Reached XP level 4. HP: 24/24 MP: 7/7
  3441 | D:4      | Reached skill level 6 in Stealth
  3445 | D:4      | Learned a level 3 spell: Confusing Touch
  3660 | D:4      | Found a staircase to the Ecumenical Temple.
  3675 | Temple   | Entered the Ecumenical Temple
  3748 | D:3      | Noticed a scorpion
  3750 | D:3      | Killed a scorpion
  3751 | D:3      | Reached XP level 5. HP: 19/28 MP: 5/8
  4232 | D:1      | Prayed at the altar of an unknown god.
  4232 | D:1      | Became a worshipper of Dithmenos the Shadowed
  4232 | D:1      | Reached * piety under Dithmenos
  4765 | D:4      | Noticed an ogre
  4767 | D:4      | Killed an ogre
  4768 | D:4      | Reached skill level 7 in Stealth
  4768 | D:4      | Reached XP level 6. HP: 32/32 MP: 9/9
  4772 | D:4      | Learned a level 3 spell: Dazzling Flash
  4852 | D:4      | Found a sacrificial altar of Ru.
  4987 | D:4      | Noticed Eustachio
  4994 | D:4      | Killed Eustachio
  4995 | D:4      | Reached skill level 1 in Fighting
  5243 | D:5      | Entered Level 5 of the Dungeon
  5261 | D:4      | Reached XP level 7. HP: 10/38 MP: 5/10
  5265 | D:4      | Reached skill level 8 in Stealth
  5626 | D:5      | Identified the amulet "Qesuegg" {Faith rC- Regen+ Int+4}
  6118 | D:5      | Reached skill level 5 in Short Blades
  6252 | D:5      | Found a stormy altar of Qazlal.
  6457 | D:5      | Reached skill level 9 in Stealth
  6457 | D:5      | Reached XP level 8. HP: 45/45 MP: 8/11
  6489 | D:5      | Reached ** piety under Dithmenos
  6798 | D:6      | Noticed a komodo dragon
  6807 | D:6      | Killed a komodo dragon
  6808 | D:6      | Reached skill level 5 in Dodging
  7604 | D:6      | Reached skill level 10 in Stealth
  7996 | D:6      | Reached XP level 9. HP: 29/52 MP: 8/12
  8388 | D:6      | Found a shimmering altar of Xom.
  8724 | D:7      | Found a burning altar of Makhleb.
  8730 | D:7      | Found a sparkling altar of Nemelex Xobeh.
  8735 | D:7      | Found an ornate altar of the Wu Jian Council.
  8735 | D:7      | Found a hazy altar of Hepliaklqana.
  8737 | D:7      | Reached skill level 11 in Stealth
  8737 | D:7      | Found an iron altar of Okawaru.
  8771 | D:7      | Noticed Harold
  8796 | D:7      | Killed Harold
  8797 | D:7      | Reached skill level 5 in Fighting
  8830 | D:7      | Learned a level 3 spell: Swiftness
  9298 | D:7      | Found an ancient bone altar of Kikubaaqudgha.
  9507 | D:7      | Reached skill level 12 in Stealth
  9645 | D:7      | Reached *** piety under Dithmenos
  9885 | D:8      | Noticed a troll
 10048 | D:7      | HP: 2/54 [troll (5)]
 10426 | D:7      | Killed a troll
 10427 | D:7      | Reached XP level 10. HP: 59/59 MP: 9/14
 11515 | D:7      | Reached **** piety under Dithmenos
 12265 | D:9      | Found a staircase to the Orcish Mines.
 12268 | D:9      | Noticed a fire dragon
 12305 | D:9      | Killed a fire dragon
 12306 | D:9      | Reached skill level 13 in Stealth
 12765 | D:9      | Noticed a two-headed ogre
 12779 | D:9      | Killed a two-headed ogre
 12869 | D:9      | Reached skill level 5 in Spellcasting
 13135 | D:9      | Found a hide-covered altar of Uskayaw.
 13139 | D:9      | Reached skill level 10 in Hexes
 13171 | D:9      | Learned a level 3 spell: Tukima's Dance
 13196 | D:9      | Reached skill level 14 in Stealth
 13221 | D:9      | Found a basalt altar of Yredelemnul.
 13252 | D:9      | Reached XP level 11. HP: 64/64 MP: 18/18
 13460 | D:10     | Entered Level 10 of the Dungeon
 13510 | D:10     | Reached ***** piety under Dithmenos
 13720 | D:10     | Noticed a two-headed ogre
 13928 | D:10     | Noticed a cyan ugly thing
 13930 | D:10     | Killed a cyan ugly thing
 13937 | D:10     | Noticed Nergalle
 13958 | D:10     | Killed Nergalle
 14025 | D:10     | Noticed Joseph
 14041 | D:10     | Killed Joseph
 14042 | D:10     | Reached skill level 10 in Short Blades
 14651 | D:11     | Found a staircase to the Lair.
 14909 | D:11     | Noticed a boulder beetle
 14916 | D:11     | Killed a boulder beetle
 14985 | D:10     | Killed a two-headed ogre
 14986 | D:10     | Reached skill level 15 in Stealth
 15009 | D:10     | Learned a level 3 spell: Gell's Gravitas
 15642 | D:10     | Noticed a centaur warrior
 15643 | D:10     | Noticed a wolf spider
 15764 | D:10     | HP: 2/66 [centaur warrior (4)]
 15893 | D:10     | Killed a wolf spider
 16050 | D:10     | Killed a centaur warrior
 16051 | D:10     | Reached XP level 12. HP: 43/71 MP: 15/21
 17090 | Lair:1   | Entered Level 1 of the Lair of Beasts
 17111 | Lair:1   | Noticed Grum
 17114 | Lair:1   | Killed Grum
 17348 | Lair:1   | Reached skill level 16 in Stealth
 17582 | Lair:1   | Learned a level 5 spell: Excruciating Wounds
 18256 | Lair:2   | Reached skill level 1 in Necromancy
 18378 | Lair:2   | Noticed Ipreaze's ghost (journeyman DsAK)
 18513 | Lair:2   | Found a runed translucent door.
 18579 | Lair:2   | Killed Ipreaze's ghost
 18892 | Lair:2   | Reached ****** piety under Dithmenos
 18984 | Lair:2   | Found a staircase to the Snake Pit.
 19472 | Lair:3   | Reached skill level 10 in Dodging
 19610 | Lair:3   | Reached skill level 17 in Stealth
 19610 | Lair:3   | Reached XP level 13. HP: 78/78 MP: 21/25
 19986 | Lair:3   | Found a staircase to the Shoals.
 20894 | Lair:4   | Reached skill level 5 in Necromancy
 21922 | Lair:5   | Noticed Nessos
 21945 | Lair:5   | Killed Nessos
 22044 | Lair:5   | Reached skill level 18 in Stealth
 23081 | Lair:6   | Entered Level 6 of the Lair of Beasts
 23084 | Lair:6   | Found a staircase to the Slime Pits.
 23173 | Lair:6   | Reached XP level 14. HP: 86/86 MP: 12/27
 23669 | Lair:6   | Found a dark tunnel.
 23716 | Volcano  | Entered a volcano
 24459 | Lair:6   | Reached skill level 19 in Stealth
 24626 | Lair:6   | Learned a level 5 spell: Summon Mana Viper
 25093 | Orc:1    | Entered Level 1 of the Orcish Mines
 25256 | Orc:1    | Noticed an orc warlord
 25263 | Orc:1    | Paralysed by an orc sorcerer for 4 turns
 25511 | Orc:1    | Reached skill level 10 in Fighting
 25802 | Orc:1    | Noticed an orc warlord
 25924 | Orc:1    | Killed an orc warlord
 26164 | Orc:1    | Killed an orc warlord
 26165 | Orc:1    | Reached skill level 10 in Spellcasting
 26816 | Orc:2    | Entered Level 2 of the Orcish Mines
 27232 | Orc:2    | Paralysed by an orc sorcerer for 3 turns
 28010 | Orc:2    | Found Bevvu's Weapon Boutique.
 29478 | Orc:2    | Reached XP level 15. HP: 93/93 MP: 24/29
 30427 | Orc:2    | Found a staircase to the Elven Halls.
 30487 | Orc:2    | Found Ystracva's Armour Shop.
 30490 | Orc:2    | Found Nehouxeu's Weapon Boutique.
 30491 | Orc:2    | Found Etyc's Distillery.
 30492 | Orc:2    | Found Deger's Weapon Shop.
 30495 | Orc:2    | Bought a potion of heal wounds for 70 gold pieces
 30495 | Orc:2    | Bought a potion of flight for 42 gold pieces
 30495 | Orc:2    | Bought a potion of heal wounds for 70 gold pieces
 30495 | Orc:2    | Bought a potion of might for 56 gold pieces
 30499 | Orc:2    | Bought a +1 hat for 143 gold pieces
 31404 | Snake:1  | Entered Level 1 of the Snake Pit
 31443 | Snake:1  | Reached skill level 20 in Stealth
 32383 | Snake:2  | Found Imyt's One-of-a-Kind Rings.
 32447 | Snake:2  | Noticed Aizul
 32800 | Snake:1  | Killed Aizul
 32925 | Snake:2  | Found Xiops's Distillery.
 32933 | Snake:2  | Bought a potion of heal wounds for 70 gold pieces
 32933 | Snake:2  | Bought a potion of curing for 42 gold pieces
 33361 | Snake:3  | Found Igaufihi's Antique Weapon Boutique.
 33371 | Snake:3  | Annihilated by a naga warrior

Illustrated notes

Levels and vault maps discovered:
D:1:      heliophobic_arrival_dark_side_of_the_moon, layout_loops_ring,
          hellmonk_ecumenical_altar_zigzags
D:2:      layout_basic, serial_shops, nicolae_shop_behind_doors
D:3:      layout_loops_ring
D:4:      layout_loops_ring, nicolae_ru_awakened_eye,
          minmay_temple_entry_mini_moons, uniq_eustachio
D:5:      layout_rooms, mainiacjoe_overflow_paths, lemuel_round_altar
D:6:      hangedman_cross_stitches, layout_loops_ring,
          mainiacjoe_overflow_surrounded_room
D:7:      layout_cave_pods, kiku_gazebo_pond_becter, kennysheep_mini,
          minitemple, uniq_harold
D:8:      layout_rooms, roderic_batcave, nicolae_looking_at_the_future
D:9:      layout_long_grid, nicolae_uskayaw_suspiria,
          lemuel_mausoleum_altar_yredelemnul, orc_0_dummy
D:10:     minmay_slanted_spiral_squares, layout_basic, minivault_16,
          uniq_nergalle, uniq_joseph
D:11:     layout_long_grid, erik_lair_orcish_takeover
D:12:     layout_basic, gauntlet_entry_generic
Temple:   corrupted_temple
Lair:1:   layout_layer_cave, lemuel_fruit_fields, uniq_grum
Lair:2:   layout_gridlike, dummy_snake_entry, hellmonk_ghost_happy_afterlife,
          infiniplex_staircase_pool, lemuel_fruit_tree
Lair:3:   layout_long_grid, minmay_shoals_entry_hut, lemuel_fruit_fields,
          serial_bayou_shore_a, grunt_megastairs_2
Lair:4:   layout_hall_layers, grunt_megastairs_5
Lair:5:   layout_small_grid, uniq_nessos
Lair:6:   minmay_lair_end_frog_pond, layout_regular_city,
          minmay_slime_entry_jelly_boxes, enter_volcano_2
Snake:1:  layout_honeycomb
Snake:2:  layout_misc_corridors, nicolae_shop_unique_rings,
          minmay_shop_grid_forest, uniq_aizul
Snake:3:  layout_chambers, nicolae_stop_n_shop_2
Orc:1:    layout_caves, minmay_orc_temple_c
Orc:2:    st_orc_pillars, layout_diamond_mine, serial_shops,
          nicolae_shop_crystal

Skill      XL: |  1  2  3  4  5  6  7  8  9 10 11 12 13 14 15 |
---------------+----------------------------------------------+-----
Stealth        | 5 6 7 9 10 12 14 15 17 18 19 20 | 20.0
Short Blades   | 2 3 4 5 6 8 9 10 11 12 13 14 | 14.2
Hexes          | 5 6 7 10 | 10.0
Fighting       | 1 2 4 5 6 8 9 10 11 | 11.3
Dodging        | 3 4 5 6 8 10 11 12 13 | 13.6
Spellcasting   | 3 5 6 8 9 10 11 | 11.3
Necromancy     | 3 5 |  5.0

Action                   |  1- 3 |  4- 6 |  7- 9 | 10-12 | 13-15 || total
-------------------------+-------+-------+-------+-------+-------++-------
Melee: Dagger            |   118 |    64 |   191 |       |       ||   373
       Bite              |    12 |     4 |    25 |    62 |   146 ||   249
       Punch             |     1 |     1 |     5 |     3 |       ||    10
       Short sword       |       |       |    48 |   521 |  1003 ||  1572
       Unarmed           |       |       |       |       |     1 ||     1
 Cast: Ensorcelled Hiber |     6 |    13 |    30 |   100 |   242 ||   391
       Confusing Touch   |       |     1 |    26 |    54 |    53 ||   134
       Swiftness         |       |       |     1 |     1 |     5 ||     7
       Dazzling Flash    |       |       |       |     2 |       ||     2
       Tukima's Dance    |       |       |       |     5 |    37 ||    42
       Gell's Gravitas   |       |       |       |       |    10 ||    10
       Excruciating Woun |       |       |       |       |    17 ||    17
       Summon Mana Viper |       |       |       |       |     1 ||     1
Invok: Shadow Step       |       |       |       |       |     2 ||     2
 Abil: Exsanguinate      |     1 |       |       |       |       ||     1
       End Transformatio |       |       |     2 |     2 |     3 ||     7
       Bat Form          |       |       |     2 |     2 |     3 ||     7
Evoke: Wand              |       |       |       |     4 |       ||     4
       Phantom mirror    |       |       |       |       |     1 ||     1
  Use: Scroll            |     5 |     5 |     7 |     2 |     5 ||    24
       Potion            |       |       |     1 |     5 |     2 ||     8
 Stab: Sleeping          |    22 |    17 |    39 |   138 |   227 ||   443
       Confused          |       |     1 |    19 |    45 |    51 ||   116
       Distracted        |       |     1 |     1 |     2 |     6 ||    10
       Invisible         |       |       |       |     1 |       ||     1
Armor: Robe              |    22 |     3 |    21 |    44 |    71 ||   161
Dodge: Dodged            |    61 |    29 |   159 |   354 |   797 ||  1400
